 Dungeon Crawl Stone Soup version 0.21.0 (webtiles) character file.

11 Hekarica the Caller (level 2, -1/22 HPs)
             Began as a Deep Elf Summoner on May 20, 2018.
             Slain by a quokka (3 damage)
             ... on level 2 of the Dungeon.
             The game lasted 00:08:22 (1021 turns).

Hekarica the Caller (Deep Elf Summoner)             Turns: 1021, Time: 00:08:22

Health: -1/22      AC: 21    Str:  5    XL:     2   Next: 17%
Magic:  8/8        EV:  2    Int: 19    God:
Gold:   86         SH:  0    Dex: 15    Spells: 4/7 levels left

rFire    . . .     SeeInvis .   e - +0 dagger
rCold    . . .     Gourm    .   (no shield)
rNeg     + + +     Faith    .   (armour currently unavailable)
rPois    +         Spirit   .   (helmet currently unavailable)
rElec    .         Reflect  .   (cloak currently unavailable)
rCorr    .         Harm     .   (gloves currently unavailable)
MR       .....     NoTele   +   (boots currently unavailable)
Stlth    ++........             (no amulet)
HPRegen  0.07/turn              g - ring of flight
MPRegen  0.11/turn              (no ring)

@: tree-form
A: no striking features
a: no special abilities


You were on level 2 of the Dungeon.
You were not hungry.
You were a tree.
You visited 1 branch of the dungeon, and saw 2 of its levels.

You collected 86 gold pieces.

Inventory:

Hand Weapons
 e - a +0 dagger (weapon)
Armour
 a - a +0 robe (melded)
Jewellery
 g - a ring of flight (left branch)
 l - a cursed ring of loudness {unknown}
Scrolls
 h - a scroll of remove curse
 i - a scroll of amnesia {unknown}
 k - 2 scrolls of teleportation {unknown}
 n - a scroll of fear {unknown}
 o - a scroll of identify {unknown}
Potions
 d - a potion of curing {unknown}
 f - a potion of degeneration {unknown}
 j - a potion of heal wounds {unknown}
 m - a potion of lignification
Books
 b - a book of Callings

   Spells                             Type                      Level
   a - Summon Small Mammal            Summoning                    1
   b - Call Imp                       Summoning                    2
   c - Call Canine Familiar           Summoning                    3
   d - Summon Guardian Golem          Hexes/Summoning              3
   e - Summon Lightning Spire         Summoning/Air                4
   f - Summon Ice Beast               Ice/Summoning                4
Comestibles
 c - 3 rations


   Skills:
 + Level 2.7 Dodging
 + Level 2.8 Stealth
 + Level 3.3 Spellcasting
 + Level 4.5 Summonings


You had 4 spell levels left.
You knew the following spells:

 Your Spells              Type           Power        Failure   Level  Hunger
a - Call Imp              Summ           ###.....     3%          2    ##.....
b - Summon Small Mammal   Summ           ###.         2%          1    None


Dungeon Overview and Level Annotations

Branches:
Dungeon (2/15)

Altars:
Ashenzari


Message History

The bat closely misses you. x2; Your crimson imp hits the bat.
The quokka bites you. The quokka barely misses you.
Your crimson imp closely misses the quokka.
The quokka completely misses you. The quokka barely misses you.
Your crimson imp misses the quokka.
The quokka bites you.
You barely miss the quokka.
Your crimson imp completely misses the quokka.
The quokka bites you but does no damage.
You miss the quokka.
Your crimson imp hits the quokka but does no damage.
The quokka completely misses you.
You barely miss the quokka. The quokka closely misses you.
Your crimson imp blinks!
The quokka barely misses you. The quokka bites you.
* * * LOW HITPOINT WARNING * * *
It was a potion of lignification.
You turn into a tree.
Your +0 robe melds into your body.
Your roots penetrate the ground.
The quokka bites you.
You die...

#.# #.# #.#
####.#
#....#
#.#### #.#
#.### #.♣§#
###r#
#?.........
#.#.#######
#.#5. # ##.
.? .# .#


You could see a quokka and a friendly crimson imp.

Vanquished Creatures
  2 bats (D:1)
  A kobold (D:1)
3 creatures vanquished.

Vanquished Creatures (collateral kills)
  A bat (D:1)
  3 goblins (D:1)
  3 hobgoblins
  3 kobolds (D:1)
  A frilled lizard (D:1)
  2 rats (D:1)
13 creatures vanquished.

Grand Total: 16 creatures vanquished

Notes
Turn   | Place    | Note
-------+----------+-------------------------------------------
     0 | D:1      | Hekarica the Deep Elf Summoner began the quest for the Orb.
     0 | D:1      | Reached XP level 1. HP: 10/10 MP: 6/6
   604 | D:1      | Reached XP level 2. HP: 15/15 MP: 6/8
   607 | D:1      | Found a shattered altar of Ashenzari.
   935 | D:1      | Learned a level 2 spell: Call Imp
  1021 | D:2      | Slain by a quokka

Action                   || total
-------------------------++-------
Melee: Dagger            ||    15
       Unarmed           ||    12
 Cast: Summon Small Mamm ||    21
       Call Imp          ||     4
  Use: Scroll            ||     1
       Potion            ||     1
Armor: Robe              ||    22
Dodge: Dodged            ||    48
